PR
MEMPHIS MUSIC @ TWINSBURG TIGERS
08/12/2042
 
TOP OF THE 1ST
Memphis Music batting - Pitching for Twinsburg Tigers : RHP Cédric Barbot
Pitching: RHP Cédric Barbot
Batting: LHB Seung-yeop Yom 0-0: Ball
1-0: Ground out 4-3 (Groundball, 4, EV 95.6 MPH)
Batting: RHB Orlando Trujillo 0-0: Ball
1-0: Ball
2-0: Ball
3-0: Called Strike
3-1: Foul Ball, location: 2F
3-2: Foul Ball, location: 2F
3-2: TRIPLE (Groundball, 3L, EV 106.9 MPH)
Batting: RHB Juan Pérez 0-0: Ball
1-0: Foul Ball, location: 2F
1-1: Foul Ball, location: 2F
1-2: Strikes out swinging
Batting: LHB Chiel van der Lee 0-0: Called Strike
0-1: Called Strike
0-2: Strikes out swinging
Top of the 1st over - 0 runs, 1 hit, 0 errors, 1 left on base; Memphis 0 - Twinsburg 0
BOTTOM OF THE 1ST
Twinsburg Tigers batting - Pitching for Memphis Music : RHP Paul Shannon
Pitching: RHP Paul Shannon
Batting: LHB Keith Garner 0-0: Ball
1-0: SINGLE (Line Drive, 9S, EV 93.1 MPH)
Batting: RHB Roland Thomas 0-0: Called Strike
Keith Garner steals 2nd base
0-1: Ground out 6-3 (Groundball, 6S, EV 80.6 MPH)
Keith Garner to third
Batting: SHB Sherwin Tacod 0-0: Ball
1-0: SINGLE (Groundball, 4, EV 103.1 MPH) (infield hit)
Keith Garner scores
Batting: LHB Ole Geenen 0-0: Ball
1-0: Foul Ball, location: 2F
1-1: Ball
2-1: Foul Ball, location: 2F
2-2: Fielders Choice at 2nd, 1-6 (Groundball, 13, EV 85.6 MPH)
Batting: RHB Art Hensley 0-0: Ball
1-0: Called Strike
1-1: Called Strike
1-2: Ball
2-2: Ball
3-2: Foul Ball, location: 2F
3-2: Base on Balls
Ole Geenen to second
Batting: LHB Ray Winters 0-0: Ball
1-0: Ball
2-0: Called Strike
2-1: Ball
3-1: Fielders Choice at 2nd, 6-4 (Groundball, 6, EV 106.2 MPH)
Bottom of the 1st over - 1 run, 2 hits, 0 errors, 2 left on base; Memphis 0 - Twinsburg 1
TOP OF THE 2ND
Memphis Music batting - Pitching for Twinsburg Tigers : RHP Cédric Barbot
Batting: RHB Nestor Soliman 0-0: Foul Ball, location: 2F
0-1: SINGLE (Groundball, 56D, EV 95.6 MPH)
Batting: LHB Roberto Torres 0-0: Ball
1-0: Called Strike
1-1: Swinging Strike
1-2: Foul Ball, location: 2F
1-2: Foul Ball, location: 2F
1-2: Ball
2-2: Foul Ball, location: 2F
2-2: Strikes out swinging
Batting: RHB Manuel Cuevas 0-0: Swinging Strike
0-1: Ball
1-1: Foul Ball, location: 2F
1-2: Fielders Choice at 2nd, 4-6 (Groundball, 4, EV 91.9 MPH)
Batting: RHB Javier Bruno 0-0: Swinging Strike
0-1: Ball
1-1: Swinging Strike
1-2: Ball
2-2: Foul Ball, location: 2F
2-2: SINGLE (Groundball, 6MD, EV 95.6 MPH)
Manuel Cuevas to second
Batting: LHB Norbert King 0-0: Ball
1-0: Foul Ball, location: 2F
1-1: Ball
2-1: Ground out 6-3 (Groundball, 6MS, EV 68.1 MPH)
Top of the 2nd over - 0 runs, 2 hits, 0 errors, 2 left on base; Memphis 0 - Twinsburg 1
BOTTOM OF THE 2ND
Twinsburg Tigers batting - Pitching for Memphis Music : RHP Paul Shannon
Batting: RHB Aaron Carter 0-0: Called Strike
0-1: Ball
1-1: Ball
2-1: Foul Ball, location: 2F
2-2: Fly out, F9 (Flyball, 9D, EV 95.0 MPH)
Batting: RHB Ernie Lewis 0-0: Reached on error, E5 (Groundball, 5, EV 103.8 MPH)
Batting: RHB Claude Harper 0-0: SINGLE (Groundball, 6MD, EV 111.9 MPH)
Ernie Lewis to second
Runner from 2nd tries for 3rd, OUT! 8-5
Batting: LHB Keith Garner 0-0: Fly out, F7 (Flyball, 78D, EV 94.4 MPH)
Bottom of the 2nd over - 0 runs, 1 hit, 1 error, 1 left on base; Memphis 0 - Twinsburg 1
TOP OF THE 3RD
Memphis Music batting - Pitching for Twinsburg Tigers : RHP Cédric Barbot
Batting: LHB Seung-yeop Yom 0-0: Called Strike
0-1: Foul Ball, location: 2F
0-2: Strikes out looking
Batting: RHB Orlando Trujillo 0-0: Swinging Strike
0-1: Swinging Strike
0-2: Foul Ball, location: 2F
0-2: Foul Ball, location: 2F
0-2: Foul Ball, location: 2F
0-2: Foul Ball, location: 2F
0-2: DOUBLE (Groundball, 5L, EV 101.2 MPH)
Batting: RHB Juan Pérez 0-0: Fly out, F7 (Flyball, 7LMF, EV 103.1 MPH)
Batting: LHB Chiel van der Lee 0-0: Ball
1-0: Ball
2-0: Ball
3-0: Called Strike
3-1: Swinging Strike
3-2: Foul Ball, location: 2F
3-2: Fly out, F9 (Flyball, 9, EV 90.6 MPH)
Top of the 3rd over - 0 runs, 1 hit, 0 errors, 1 left on base; Memphis 0 - Twinsburg 1
BOTTOM OF THE 3RD
Twinsburg Tigers batting - Pitching for Memphis Music : RHP Paul Shannon
Batting: RHB Roland Thomas 0-0: Ball
1-0: Bunt for hit to 25 - play at first, batter OUT! 5-3
Batting: SHB Sherwin Tacod 0-0: Ball
1-0: Called Strike
1-1: Swinging Strike
1-2: Ball
2-2: Ball
3-2: Base on Balls
Batting: LHB Ole Geenen 0-0: Ball
1-0: Foul Ball, location: 2F
1-1: Ball
2-1: Foul Ball, location: 2F
2-2: Ball
3-2: Foul Ball, location: 2F
3-2: Fly out, F9 (Flyball, 89M, EV 88.1 MPH)
Batting: RHB Art Hensley 0-0: Called Strike
Sherwin Tacod steals 2nd base
0-1: Foul Ball, location: 2F
0-2: Ball
1-2: Ball
2-2: Foul Ball, location: 2F
2-2: Foul Ball, location: 2F
2-2: Ball
3-2: Fly out, F6 (Popup, 15S, EV 93.1 MPH)
Bottom of the 3rd over - 0 runs, 0 hits, 0 errors, 1 left on base; Memphis 0 - Twinsburg 1
TOP OF THE 4TH
Memphis Music batting - Pitching for Twinsburg Tigers : RHP Cédric Barbot
Batting: RHB Nestor Soliman 0-0: Called Strike
0-1: Called Strike
0-2: Strikes out swinging
Batting: LHB Roberto Torres 0-0: Ball
1-0: Foul Ball, location: 2F
1-1: Ball
2-1: Ball
3-1: Base on Balls
Batting: RHB Manuel Cuevas 0-0: Grounds into double play, 6-4-3 (Groundball, 6, EV 83.1 MPH)
Top of the 4th over - 0 runs, 0 hits, 0 errors, 0 left on base; Memphis 0 - Twinsburg 1
BOTTOM OF THE 4TH
Twinsburg Tigers batting - Pitching for Memphis Music : RHP Paul Shannon
Batting: LHB Ray Winters 0-0: Ball
1-0: Called Strike
1-1: Ground out 4-3 (Groundball, 4, EV 85.0 MPH)
Batting: RHB Aaron Carter 0-0: DOUBLE (Line Drive, 89XD, EV 100.0 MPH)
Batting: RHB Ernie Lewis 0-0: Ball
1-0: Ball
2-0: Called Strike
2-1: Ball
3-1: SINGLE (Groundball, 56D, EV 104.4 MPH)
Aaron Carter to third
Runner from 3rd tries for Home, SAFE, no throw by LF
Batting: RHB Claude Harper 0-0: Fly out, F7 (Flyball, 78M, EV 93.1 MPH)
Batting: LHB Keith Garner 0-0: Ground out 4-3 (Groundball, 34, EV 89.4 MPH)
Bottom of the 4th over - 1 run, 2 hits, 0 errors, 1 left on base; Memphis 0 - Twinsburg 2
TOP OF THE 5TH
Memphis Music batting - Pitching for Twinsburg Tigers : RHP Cédric Barbot
Batting: RHB Javier Bruno 0-0: Ball
1-0: Called Strike
1-1: Called Strike
1-2: Ball
2-2: Ground out 6-3 (Groundball, 6D, EV 106.9 MPH)
Batting: LHB Norbert King 0-0: Foul Ball, location: 2F
0-1: Called Strike
0-2: Fly out, F4 (Line Drive, 4, EV 68.1 MPH)
Batting: LHB Seung-yeop Yom 0-0: Called Strike
0-1: Ball
1-1: Foul Ball, location: 2F
1-2: Strikes out swinging
Top of the 5th over - 0 runs, 0 hits, 0 errors, 0 left on base; Memphis 0 - Twinsburg 2
BOTTOM OF THE 5TH
Twinsburg Tigers batting - Pitching for Memphis Music : RHP Paul Shannon
Batting: RHB Roland Thomas 0-0: Ball
1-0: Ball
2-0: Ball
3-0: Called Strike
3-1: Ground out 3-1 (Groundball, 34, EV 108.8 MPH)
Pitching: LHP Ernie Landry
Batting: SHB Sherwin Tacod 0-0: Ball
1-0: Called Strike
1-1: Called Strike
1-2: Strikes out looking
Batting: LHB Ole Geenen 0-0: Called Strike
0-1: Foul Ball, location: 2F
0-2: Ball
1-2: Foul Ball, location: 2F
1-2: Foul Ball, location: 2F
1-2: Foul Ball, location: 2F
1-2: Ground out 4-3 (Groundball, 34D, EV 101.2 MPH)
Bottom of the 5th over - 0 runs, 0 hits, 0 errors, 0 left on base; Memphis 0 - Twinsburg 2
TOP OF THE 6TH
Memphis Music batting - Pitching for Twinsburg Tigers : RHP Cédric Barbot
Batting: RHB Orlando Trujillo 0-0: Ball
1-0: SINGLE (Flyball, 7S, EV 90.6 MPH)
Batting: RHB Juan Pérez 0-0: SINGLE (Line Drive, 89M, EV 87.5 MPH)
Orlando Trujillo to second
Batting: LHB Chiel van der Lee 0-0: Ball
1-0: Foul Ball, location: 2F
1-1: Swinging Strike
1-2: Ball
2-2: Fly out, F9 (Line Drive, 9, EV 93.1 MPH)
Batting: RHB Nestor Soliman 0-0: Grounds into double play, 5-4-3 (Groundball, 5, EV 81.2 MPH)
Top of the 6th over - 0 runs, 2 hits, 0 errors, 1 left on base; Memphis 0 - Twinsburg 2
BOTTOM OF THE 6TH
Twinsburg Tigers batting - Pitching for Memphis Music : LHP Ernie Landry
Batting: RHB Art Hensley 0-0: Ball
1-0: Ball
2-0: Ball
3-0: Called Strike
3-1: Called Strike
3-2: Strikes out swinging
Batting: LHB Ray Winters 0-0: Fly out, F8 (Flyball, 8LD, EV 101.2 MPH)
Batting: RHB Aaron Carter 0-0: Ball
1-0: Ball
2-0: Swinging Strike
2-1: Bunt for hit to 13 - play at first, batter OUT! 1-3
Bottom of the 6th over - 0 runs, 0 hits, 0 errors, 0 left on base; Memphis 0 - Twinsburg 2
TOP OF THE 7TH
Memphis Music batting - Pitching for Twinsburg Tigers : RHP Cédric Barbot
Batting: LHB Roberto Torres 0-0: Ball
1-0: Called Strike
1-1: Ball
2-1: Ball
3-1: Ground out U3 (Groundball, 34S, EV 61.2 MPH)
Batting: RHB Manuel Cuevas 0-0: Ground out 5-3 (Groundball, 56S, EV 82.5 MPH)
Batting: RHB Javier Bruno 0-0: Swinging Strike
0-1: Ball
1-1: Called Strike
1-2: Foul Ball, location: 2F
1-2: Ball
2-2: Ball
3-2: Strikes out swinging
Top of the 7th over - 0 runs, 0 hits, 0 errors, 0 left on base; Memphis 0 - Twinsburg 2
BOTTOM OF THE 7TH
Twinsburg Tigers batting - Pitching for Memphis Music : LHP Ernie Landry
Batting: RHB Ernie Lewis 0-0: Ball
1-0: Foul Ball, location: 2F
1-1: Ball
2-1: Called Strike
2-2: Foul Ball, location: 2F
2-2: SOLO HOME RUN (Flyball, 7D, EV 108.8 MPH), Distance : 390 ft
Batting: RHB Claude Harper 0-0: Called Strike
0-1: Called Strike
0-2: Foul Ball, location: 2F
0-2: SINGLE (Line Drive, 4D, EV 96.9 MPH)
Batting: LHB Keith Garner 0-0: Ball
1-0: Ball
2-0: Fly out, F8 (Flyball, 8LXD, EV 104.4 MPH)
Batting: RHB Roland Thomas 0-0: Ball
1-0: Ball
2-0: Swinging Strike
2-1: Ball
3-1: Foul Ball, location: 2F
3-2: Foul Ball, location: 2F
3-2: Strikes out swinging
Batting: SHB Sherwin Tacod 0-0: Called Strike
0-1: Swinging Strike
0-2: Strikes out looking
Bottom of the 7th over - 1 run, 2 hits, 0 errors, 1 left on base; Memphis 0 - Twinsburg 3
TOP OF THE 8TH
Memphis Music batting - Pitching for Twinsburg Tigers : RHP Cédric Barbot
Now at 3B: Tim Davis
Now in RF: Alex Kelley
Batting: LHB Norbert King 0-0: Foul Ball, location: 2F
0-1: Swinging Strike
0-2: DOUBLE (Line Drive, 89M, EV 97.5 MPH)
Batting: LHB Seung-yeop Yom 0-0: Swinging Strike
0-1: Ball
1-1: Foul Ball, location: 2F
1-2: Ground out U3 (Groundball, 3, EV 87.5 MPH)
Norbert King to third
Batting: RHB Orlando Trujillo 0-0: Foul Ball, location: 2F
0-1: Fly out, F8 (Line Drive, 8RD, EV 90.0 MPH)
Runner from 3rd tags up, OUT at HOME! 8-2
Top of the 8th over - 0 runs, 1 hit, 0 errors, 0 left on base; Memphis 0 - Twinsburg 3
BOTTOM OF THE 8TH
Twinsburg Tigers batting - Pitching for Memphis Music : LHP Ernie Landry
Batting: LHB Ole Geenen 0-0: Called Strike
0-1: Ball
1-1: Ball
2-1: Foul Ball, location: 2F
2-2: Foul Ball, location: 2F
2-2: Foul Ball, location: 2F
2-2: Foul Ball, location: 2F
2-2: Ball
3-2: Fly out, F7 (Line Drive, 78S, EV 106.9 MPH)
Batting: RHB Art Hensley 0-0: Ball
1-0: Foul Ball, location: 2F
1-1: Ball
2-1: Ball
3-1: Base on Balls
Pitching: RHP Felipe Salazar
Batting: LHB Ray Winters 0-0: Swinging Strike
0-1: Ball
1-1: Fly out, F7 (Flyball, 7LSF, EV 87.5 MPH)
Batting: RHB Aaron Carter 0-0: Ground out 1-3 (Groundball, 34S, EV 91.2 MPH)
Bottom of the 8th over - 0 runs, 0 hits, 0 errors, 1 left on base; Memphis 0 - Twinsburg 3
TOP OF THE 9TH
Memphis Music batting - Pitching for Twinsburg Tigers : RHP Cédric Barbot
Batting: RHB Juan Pérez 0-0: Fly out, F9 (Flyball, 9, EV 87.5 MPH)
Batting: LHB Chiel van der Lee 0-0: Ground out 1-3 (Groundball, 34S, EV 88.8 MPH)
Batting: RHB Nestor Soliman 0-0: Swinging Strike
0-1: Swinging Strike
0-2: Ground out 6-3 (Groundball, 6M, EV 90.0 MPH)
Top of the 9th over - 0 runs, 0 hits, 0 errors, 0 left on base; Memphis 0 - Twinsburg 3
Friday, March 26th, 2021 - OOTP Baseball 20.8 Build 74